AoeStats
← Tunga

Black Forest

505267198Analyzed
1v1 RM · 25d ago on Sep 8, 2026· 51m 2s· 2 players
Game mode
Random Map
Map size
Tiny (2 player)
Population
200
Speed
Normal
Resources
Standard
Victory
Conquest
Starting age
Dark Age
Ending age
Imperial Age
RankedLock teamsTeams togetherTeam positionsShared explorationLock speedFull tech treeHidden civsTurbo modeCheats
Victory
Defeat
🇨🇱 Turks · Chile
790
+15
🇹🇷 Teutons · Türkiye
759
-15
Tunga
12:46 Feudal Age
11:03 Loom
14:08 Wheelbarrow
13:20 Town Watch
13:21 Horse Collar
13:30 Double-Bit Axe
19:59 Castle Age
21:48 Hand Cart
22:30 Bow Saw
22:22 Heavy Plow
22:18 Gold Mining
26:08 Scale Mail Armor
26:21 Forging
26:23 Elite Skirmisher
30:10 Ballistics
36:50 Imperial Age
34:21 Town Patrol
35:40 Chain Mail Armor
36:01 Iron Casting
35:28 Padded Archer Armor
35:18 Fletching
36:36 Ironclad
39:37 Chemistry
40:13 Hoardings
46:49 Elite Teutonic Knight
Panchoo146
0:26 Loom
12:46 Feudal Age
17:10 Castle Age
19:07 Double-Bit Axe
19:06 Horse Collar
20:29 Bow Saw
22:34 Thumb Ring
27:41 Heavy Plow
33:29 Imperial Age
34:58 Husbandry
35:09 Bloodlines
36:29 Two-Man Saw
36:38 Ballistics
43:39 Artillery
47:25 Bombard Tower
48:50 Elite Janissary
Connection lost

Rejoining the realm…

Still unreachable

The connection could not be restored.

Session expired

The server has moved on; the page needs a fresh start.